 Dungeon Crawl Stone Soup version 0.27.0-1-g7a089689b8 (webtiles) character file.

Game seed: 14329270599190268620

105 Acheron the Skirmisher (level 4, -2/37 HPs)
             Began as a Demonspawn Abyssal Knight on July 31, 2021.
             Was a Believer of Lugonu.
             Slain by Eustachio (4 damage)
             ... on level 6 of the Dungeon.
             The game lasted 00:08:22 (1923 turns).

Acheron the Skirmisher (Demonspawn Abyssal Knight)  Turns: 1923, Time: 00:08:22

Health: -2/37      AC:  6    Str: 13    XL:     4   Next: 53%
Magic:  6/6        EV: 10    Int: 13    God:    Lugonu [**....]
Gold:   80         SH:  0    Dex: 13    Spells: 3/3 levels left

rFire    . . .     SeeInvis .   o - +3 short sword (venom)
rCold    . . .     Faith    .   (no shield)
rNeg     . . .     Spirit   .   i - +0 ring mail
rPois    .         Reflect  .   (no helmet)
rElec    .         Harm     .   h - +0 cloak
rCorr    .         Rampage  .   (no gloves)
Will     .....                  (no boots)
Stlth    +.........             (no amulet)
HPRegen  0.12/turn              (no ring)
MPRegen  0.10/turn              (no ring)

@: mighty
A: talons 1
a: Renounce Religion, Depart the Abyss, Bend Space


You were on level 6 of the Dungeon.
You worshipped Lugonu.
Lugonu was pleased with you.
You visited 1 branch of the dungeon, and saw 6 of its levels.
You visited the Abyss 1 time.

You collected 80 gold pieces.

Inventory:

Hand Weapons
 a - a +1 hand axe
 o - a +3 short sword of venom (weapon)
Missiles
 g - 48 stones
Armour
 b - a +0 leather armour
 h - a +0 cloak (worn)
 i - a +0 ring mail (worn)
Jewellery
 k - a ring of fire
Scrolls
 c - a scroll of fog {unknown}
 d - a scroll of teleportation {unknown}
 f - a scroll of enchant armour {unknown}
 l - a scroll of torment {unknown}
 m - 2 scrolls of blinking {unknown}
 p - a scroll of enchant weapon {unknown}
Potions
 e - a potion of ambrosia {unknown}
 j - a potion of curing {unknown}


   Skills:
 * Level 3.7 Fighting
 * Level 0.6 Short Blades
 + Level 2.3 Axes
 * Level 2.6 Armour
 * Level 1.2 Dodging
 * Level 0.7 Stealth
 * Level 0.4 Spellcasting
 * Level 2.9 Invocations


You had 3 spell levels left.
You didn't know any spells.
Your spell library contained the following spells:

 Spells                   Type           Power      Damage    Failure   Level
 Sting                    Tmut/Pois      0%         1d3       52%         1
 Poisonous Vapours        Pois/Air       0%         N/A       67%         2
 Olgreb's Toxic Radiance  Pois           0%         N/A       99%         4


Dungeon Overview and Level Annotations

Branches:
Dungeon (6/15)
 Temple: D:4-7

Altars:

Annotations:
D:2 1 runed translucent door
D:6 Eustachio


Innate Abilities, Weirdness & Mutations

You have sharp toenails.


Message History

The white imp shouts, "Scamper hence, thou rough-hewn shard-borne measle!"
Items here: ))) [ ††.
Okay, then.
Eustachio mumbles some strange words.
Eustachio blinks!
Found a war axe.
An adder comes into view.
The adder hisses angrily.
You hit the white imp.
The white imp is poisoned.
The white imp is severely wounded.
You kill the white imp!
Eustachio gestures wildly while chanting.
Eustachio blinks!
You closely miss the adder. The adder bites you.
* * * LOW HITPOINT WARNING * * *
You closely miss the adder. The adder misses you.
You closely miss the adder. The adder bites you.
* * * LOW HITPOINT WARNING * * *
The adder bites you.
* * * LOW HITPOINT WARNING * * *
You puncture the adder!
The adder is almost dead.
The adder bites you but does no damage.
You puncture the adder!
You kill the adder!
Lugonu accepts your kill. Eustachio hits you with a +0 rapier.
* * * LOW HITPOINT WARNING * * *
You see here an adder corpse.
You barely miss Eustachio. Eustachio barely misses you.
You hit Eustachio.
Eustachio is poisoned.
Eustachio is lightly wounded.
Eustachio hits you but does no damage. Eustachio barely misses you.
You hit Eustachio.
Eustachio looks as sick as possible!
Eustachio is moderately wounded.
Eustachio misses you.
You puncture Eustachio! You claw Eustachio.
Eustachio is heavily wounded.
Eustachio hits you with a +0 rapier.
You die...

..#.....o..# ....
####.#......<.+ ...<.
.....#..[.....#####......
.)......#####...5........
........# #5#####......
........# #.# .....
........# #.# .... #.@###
#.# ... #..@.# #.# ##
####.###.# #...).#
#######


You could see Eustachio (extremely poisoned).

Vanquished Creatures
  A centaur skeleton (D:6)
  An adder (D:6)
  A white imp (D:6)
  2 dart slugs (D:1)
  5 orcs
  4 ball pythons
  An endoplasm (D:1)
  2 giant cockroaches
  A goblin (D:1)
  4 hobgoblins
  11 jackals
  4 kobolds
  4 bats
  4 frilled lizards
  5 rats
50 creatures vanquished.

Notes
Turn   | Place    | Note
-------+----------+-------------------------------------------
     0 | Abyss:1  | Acheron the Demonspawn Abyssal Knight began the quest for
                  | the Orb.
     0 | Abyss:1  | Reached XP level 1. HP: 18/18 MP: 2/2
    36 | Abyss:1  | Found a corrupted altar of Lugonu.
    57 | Abyss:1  | Noticed a wraith
    57 | Abyss:1  | Noticed a sixfirhy
    95 | D:1      | Escaped the Abyss
   199 | D:1      | Reached * piety under Lugonu
   571 | D:1      | Gained mutation: You have sharp toenails. [demonic
                  | ancestry]
   571 | D:1      | Reached XP level 2. HP: 21/24 MP: 3/3
   948 | D:1      | Reached XP level 3. HP: 26/29 MP: 4/4
  1153 | D:2      | Found a runed translucent door.
  1433 | D:2      | Reached ** piety under Lugonu
  1434 | D:2      | Reached skill level 1 in Dodging
  1578 | D:2      | Found a faded altar of an unknown god.
  1661 | D:3      | Noticed a centaur
  1817 | D:5      | Entered Level 5 of the Dungeon
  1828 | D:5      | Noticed an ogre
  1865 | D:6      | Noticed Eustachio
  1897 | D:6      | Reached XP level 4. HP: 6/37 MP: 6/6
  1919 | D:6      | HP: 1/37 [Eustachio (2)]
  1923 | D:6      | Slain by Eustachio

Illustrated notes

Levels and vault maps discovered:
D:1:      sevenhm_arrival_forest_fort_large_4, layout_loops_ring
D:2:      layout_basic, hellmonk_ecumenical_altar_leap_of_faith,
          uniq_crazy_yiuf_cottage
D:3:      layout_basic, uniq_sigmund
D:4:      layout_basic, nicolae_ru_path_of_blood, old_standard_altar, uniq_ijyb
D:5:      layout_basic, minmay_temple_entry_purple_smoke
D:6:      layout_basic, nicolae_overflow_hidden_temple, nicolae_shop_self_help,
          uniq_blork_the_orc, uniq_eustachio, uniq_pikel

Skill      XL: |  1  2  3 |
---------------+----------+-----
Armour         | 2 |  2.6
Axes           | 2 |  2.3
Dodging        | 1 |  1.2
Fighting       | |  3.7
Short Blades   | |  0.6
Stealth        | |  0.7
Spellcasting   | |  0.4
Invocations    | |  2.9

Action                   |  1- 3 |  4- 6 || total
-------------------------+-------+-------++-------
Melee: Hand axe          |    94 |       ||    94
       Kick              |    17 |     1 ||    18
       Short sword       |    20 |    16 ||    36
Invok: Depart the Abyss  |     1 |       ||     1
       Bend Space        |     1 |       ||     1
  Use: Scroll            |     1 |       ||     1
       Potion            |       |     1 ||     1
 Stab: Sleeping          |     1 |       ||     1
Armor: Leather armour    |    15 |       ||    15
       Ring mail         |    30 |     5 ||    35
Dodge: Dodged            |    74 |     8 ||    82
